 Dungeon Crawl Stone Soup version 0.21.1-1-g345015f (webtiles) character file.

22 n0claF the Chopper (level 2, -2/23 HPs)
             Began as a Demonspawn Gladiator on July 4, 2018.
             Slain by an ice beast (14 damage)
             ... on level 2 of the Dungeon.
             The game lasted 00:01:50 (1273 turns).

n0claF the Chopper (Demonspawn Gladiator)           Turns: 1273, Time: 00:01:51

Health: -2/23      AC:  6    Str: 14    XL:     2   Next: 68%
Magic:  2/2        EV:  9    Int:  9    God:
Gold:   118        SH:  7    Dex: 14    Spells: 1/1 levels left

rFire    . . .     SeeInvis .   a - +0 war axe
rCold    . . .     Gourm    .   k - +0 shield
rNeg     . . .     Faith    .   q - +0 ring mail
rPois    .         Spirit   .   c - +0 helmet
rElec    .         Reflect  .   (no cloak)
rCorr    .         Harm     .   (no gloves)
MR       .....                  (no boots)
Stlth    +.........             (no amulet)
HPRegen  0.07/turn              (no ring)
MPRegen  0.08/turn              (no ring)

@: no status effects
A: claws 1
a: no special abilities


You were on level 2 of the Dungeon.
You were not hungry.

You visited 1 branch of the dungeon, and saw 2 of its levels.

You collected 118 gold pieces.

Inventory:

Hand Weapons
 a - a +0 war axe (weapon)
Missiles
 d - 3 throwing nets (quivered) {!f}
Armour
 c - a +0 helmet (worn)
 k - a +0 shield (worn)
   (You found it on level 1 of the Dungeon)
 q - a +0 ring mail (worn)
   (You found it on level 2 of the Dungeon)
Jewellery
 h - an uncursed ring of fire {unknown}
   (You found it on level 1 of the Dungeon)
Scrolls
 b - a scroll of amnesia {unknown}
 g - 2 scrolls of identify {unknown}
 j - 2 scrolls of remove curse {unknown}
 m - a scroll of noise {unknown}
 n - a scroll of fog {unknown}
 p - a scroll of immolation {unknown}
Potions
 f - 2 potions of haste {unknown}
 i - a potion of heal wounds {unknown}
 o - a potion of curing {unknown}
Comestibles
 e - 2 rations {!d}
 l - 3 chunks of flesh


   Skills:
 + Level 2.3 Fighting
 + Level 3.0 Axes
 - Level 1.7 Throwing
 + Level 0.9 Armour
 + Level 2.9 Dodging


You had one spell level left.
You didn't know any spells.

Dungeon Overview and Level Annotations

Branches:
Dungeon (2/15)

Altars:
Hepliaklqana


Innate Abilities, Weirdness & Mutations

You have sharp fingernails.


Message History

You block the rat's attack.
You completely miss the rat. The rat bites you.
The rat bites you but does no damage.
You hit the rat.
You kill the rat!
No target in view!
You butcher the rat corpse.
l - 5 chunks of flesh (gained 1)
A kobold comes into view. It is wielding a short sword.
The kobold shouts!
A kobold is nearby!
The kobold hits you but does no damage.
You hit the kobold but do no damage. You block the kobold's attack. x2
You closely miss the kobold. You block the kobold's attack.
You hit the kobold but do no damage. The kobold hits you with a short sword.
The kobold closely misses you.
You miss the kobold. The kobold misses you.
You closely miss the kobold. You block the kobold's attack.
The kobold hits you with a short sword.
You closely miss the kobold. The kobold hits you but does no damage.
You slash the kobold!
You kill the kobold!
Your Axes skill increases to level 3!
Things that are here:
a short sword; a kobold corpse
Found 11 gold pieces.
A giant cockroach comes into view.
A giant cockroach is nearby!
You closely miss the giant cockroach. The giant cockroach closely misses you.
Some of the chunks of flesh in your inventory have rotted away.
You completely miss the giant cockroach.
The giant cockroach bites you but does no damage. x2
You hit the giant cockroach.
You kill the giant cockroach!
No target in view!
No target in view!
You now have 118 gold pieces (gained 11).
An ice beast comes into view.
You block the ice beast's attack.
Found a stone staircase leading down.
You slash the ice beast! The ice beast barely misses you. x2
You closely miss the ice beast. The ice beast closely misses you.
You hit the ice beast but do no damage. The ice beast barely misses you.
Your shield prevents you from hitting the ice beast.
The ice beast hits you but does no damage.
You block the ice beast's attack.
You hit the ice beast. The ice beast hits you. The ice beast freezes you.
You hit the ice beast. The ice beast hits you. The ice beast freezes you!
Ouch! That really hurt!
You die...

### #.####.#####..#....#.# #
#...................#.# #
#....####.#...##......# #
#....#....<............. ###
#....#.####.#........###
..####....#......#.######.#
..........#..#####.# .#
##.###....#..#####.######.#.###
..........).....@Y............>
..........#..#####.######.#.##.
##.#.........#.........# #
#.....................#
##.........##.........#
#.........##.........#
#.........##.........#
#.####.##.##.........# #..
#.##..............


You could see an ice beast.

Vanquished Creatures
  A dart slug (D:1)
  A leopard gecko (D:1)
  2 bats (D:2)
  3 giant cockroaches
  3 hobgoblins
  2 kobolds
  A quokka (D:2)
  3 rats
16 creatures vanquished.

Notes
Turn   | Place    | Note
-------+----------+-------------------------------------------
     0 | D:1      | n0claF the Demonspawn Gladiator began the quest for the Orb.
     0 | D:1      | Reached XP level 1. HP: 16/16 MP: 1/1
   512 | D:1      | Gained mutation: You have sharp fingernails. [demonic ancestry]
   512 | D:1      | Reached XP level 2. HP: 22/22 MP: 2/2
   547 | D:1      | You fall through a shaft!
  1151 | D:2      | Found a hazy altar of Hepliaklqana.
  1239 | D:2      | Reached skill level 3 in Axes
  1257 | D:2      | Noticed an ice beast
  1273 | D:2      | Slain by an ice beast

Skill      XL: |  1  2 |
---------------+-------+-----
Axes           | 3 |  3.0
Fighting       | |  2.3
Throwing       | |  1.7
Armour         | |  0.9
Dodging        | |  2.9

Action                   || total
-------------------------++-------
Melee: War axe           ||    71
  Eat: Chunk             ||     1
Armor: Leather armour    ||    17
       Ring mail         ||     7
Dodge: Dodged            ||    34
Block: Shield            ||    20
